 Dungeon Crawl Stone Soup version 0.28.0-45-g0d030f2227 (webtiles) character file.

Game seed: 6322760418972448928

18 zeratav the Insei (level 2, -1/18 HPs)
             Began as an Octopode Transmuter on Apr 10, 2022.
             Succumbed to an adder's poison
             ... on level 2 of the Dungeon.
             The game lasted 00:00:52 (1020 turns).

zeratav the Insei (Octopode Transmuter)             Turns: 1020, Time: 00:00:53

Health: -1/18      AC:  1    Str:  9    XL:     2   Next: 70%
Magic:  5/5        EV: 13    Int: 15    God:
Gold:   19         SH:  0    Dex: 12    Spells: 4/5 levels left

rFire   . . .      SeeInvis .     - Unarmed
rCold   . . .      Faith    .   (no shield)
rNeg    . . .      Spirit   .   (helmet currently unavailable)
rPois   .          Reflect  .   (no amulet)
rElec   .          Harm     .   (no ring)
rCorr   .          Rampage  .   (no ring)
Will    .....                   (no ring)
Stlth   +++.......              (no ring)
HPRegen 0.06/turn               (no ring)
MPRegen 0.09/turn               (no ring)
                                (no ring)
                                (no ring)

@: lethally poisoned (-1 -> -8), appendages (expiring)
A: tentacle spike 3, almost no armour, amphibious, 8 rings, camouflage 1,
gelatinous body 1, (nimble swimmer 1), tentacles
a: End Transformation


You were on level 2 of the Dungeon.
One of your tentacles had grown a beastly spike.
You visited 1 branch of the dungeon, and saw 2 of its levels.

You collected 19 gold pieces.


Innate Abilities, Weirdness & Mutations

One of your tentacles has grown a beastly spike.
You cannot wear most types of armour.
You are amphibious.
You can wear up to eight rings at the same time.
Your skin changes colour to match your surroundings (Stealth+).
Your rubbery body absorbs attacks. (AC +1, EV +1)
((You are camouflaged when in or above water. (Stealth+)))
You have tentacles for arms and can constrict up to eight enemies at once.


   Skills:
 + Level 1.3 Fighting
 + Level 2.2 Dodging
 + Level 1.3 Stealth
 * Level 3.3 Unarmed Combat
 - Level 2.0 Spellcasting
 - Level 2.0 Transmutations


You had 4 spell levels left.
You knew the following spells:

 Your Spells              Type           Power      Damage    Failure   Level
a - Beastly Appendage     Tmut           14%        N/A       10%         1

Your spell library contained the following spells:

 Spells                   Type           Power      Damage    Failure   Level
 Wereblood                Tmut           7%         N/A       14%         2
 Spider Form              Tmut/Pois      4%         N/A       41%         3
 Gell's Gravitas          Tloc           1%         N/A       54%         3
 Lesser Beckoning         Tloc           1%         N/A       54%         3
 Teleport Other           Tloc           1%         N/A       54%         3
 Ice Form                 Ice/Tmut       4%         N/A       82%         4

Inventory:

Jewellery
 b - a ring of wizardry
   (You found it on level 1 of the Dungeon)
Scrolls
 a - a scroll of brand weapon {unknown}
 c - 2 scrolls of identify {unknown}
 e - a scroll of teleportation {unknown}
Potions
 d - 2 potions of curing {unknown}

Dungeon Overview and Level Annotations

Branches:
Dungeon (2/15)

Altars:

#......<...
#......!...
#..........
#..........
#..........
#..........
#<# #†# #@#
#...# #.###
#. #


There were no monsters in sight!


Message History

Where to? (? - help)
There is a stone staircase leading down here.
You climb downwards.
Found 2 grey potions.
Found a stone staircase leading up.
There is a stone staircase leading up here.
There are monsters nearby!
One of your tentacles grows a vicious spike.
The jackal barks!
You hear a bark!
The jackal bites you.
A jackal comes into view.
The jackal misses you.
You hear an angry hiss.
HP[-3] MP[-1]
You take 3 damage, and now have 15/18 hp.
You lost 1 mp, and now have 4/5 mp.
You barely miss the jackal.
The jackal barks!
Your grab misses the jackal.
You pierce the jackal, but do no damage.
You squeeze the jackal. The jackal closely misses you. x2
The jackal bites you but does no damage.
An adder comes into view.
You closely miss the jackal. Your grab misses the jackal.
You pierce the jackal.
You kill the jackal!
The jackal misses you. The jackal bites you. The jackal barely misses you.
The jackal bites you. The jackal completely misses you.
HP[-3]
You take 3 damage, and now have 12/18 hp.
The jackal bites you.
You see here a jackal corpse.
HP[-2]
You take 2 damage, and now have 10/18 hp.
You tentacle-slap the jackal. You grab the jackal.
You constrict the jackal, but do no damage.
The jackal bites you. x2
* * * LOW HITPOINT WARNING * * *
HP[-2]
You take 2 damage, and now have 8/18 hp.
You are too injured to fight recklessly!
You are too injured to fight recklessly!
You are too injured to fight recklessly!
You are too injured to fight recklessly!
You are too injured to fight recklessly!
You are too injured to fight recklessly!
You are too injured to fight recklessly!
You are too injured to fight recklessly!
You are too injured to fight recklessly!
You are too injured to fight recklessly!
You are too injured to fight recklessly!
You are too injured to fight recklessly!
You are too injured to fight recklessly!
You are too injured to fight recklessly!
You are too injured to fight recklessly!
You are too injured to fight recklessly!
You are too injured to fight recklessly!
You are too injured to fight recklessly!
You are too injured to fight recklessly!
You are too injured to fight recklessly!
You are too injured to fight recklessly!
You tentacle-slap the jackal.
You pierce the jackal.
You kill the jackal!
You tentacle-slap the jackal. Your grab misses the jackal.
You pierce the jackal, but do no damage.
The jackal barely misses you.
You tentacle-slap the jackal but do no damage.
You grab the jackal.
Your transformation is almost over.
You constrict the jackal, but do no damage.
The jackal misses you. The jackal bites you.
* * * LOW HITPOINT WARNING * * *
HP[-1]
You take 1 damage, and now have 7/18 hp.
You tentacle-slap the jackal.
You constrict the jackal, but do no damage.
The jackal barely misses you.
You tentacle-slap the jackal.
You kill the jackal!
MP[+1]
Your mp is fully restored (5).
You closely miss the jackal. Your grab misses the jackal.
You pierce the jackal.
Your squeeze misses the jackal. The jackal closely misses you.
The jackal bites you.
* * * LOW HITPOINT WARNING * * *
HP[-2]
You take 2 damage, and now have 5/18 hp.
You tentacle-slap the jackal. You grab the jackal. You squeeze the jackal.
You kill the jackal!
You miss the adder. You grab the adder. You constrict the adder.
The adder barely misses you. The adder bites you.
* * * LOW HITPOINT WARNING * * *
You are lethally poisoned!
The adder poisons you!
HP[-4]
You take 4 damage, and now have 1/18 hp.
MASSIVE DAMAGE!! (PAUSE)
You tentacle-slap the adder.
Your tentacle spike misses the adder.
You squeeze the adder. You constrict the adder.
You kill the adder!
You die...

Skill      XL: |  1  2 |
---------------+-------+-----
Stealth        | 1 |  1.3
Fighting       | |  1.3
Dodging        | |  2.2
Unarmed Combat | |  3.3
Spellcasting   | |  2.0
Transmutations | |  2.0

Action                   || total
-------------------------++-------
Melee: Unarmed           ||    33
       Tentacles         ||    10
       Constrict         ||     9
       Kick              ||    10
 Cast: Beastly Appendage ||    13
 Stab: Sleeping          ||     3
Armor: Skin              ||     5
Dodge: Dodged            ||    21

Levels and vault maps discovered:
D:1:      nzn_arrival_settlement, layout_basic,
          shapermc_ecumenical_altar_mp_ritualfount
D:2:      layout_basic, serial_shops, shop, nicolae_shop_trees, shop

Notes
Turn   | Place    | Note
-------+----------+-------------------------------------------
     0 | D:1      | zeratav the Octopode Transmuter began the quest for the
                  | Orb.
     0 | D:1      | Reached XP level 1. HP: 13/13 MP: 3/3
     0 | D:1      | magus.rc [v1.9.6]
    74 | D:1      | Found a faded altar of an unknown god.
   442 | D:1      | Reached XP level 2. HP: 18/18 MP: 3/5
   515 | D:1      | Reached skill level 1 in Stealth
   777 | D:1      | You pick up a book of Displacement and begin reading...
   777 | D:1      | You add the spells Lesser Beckoning, Gell's Gravitas and
                  | Teleport Other to your library.
  1019 | D:2      | HP: 1/18 [adder (4)]
  1020 | D:2      | Succumbed to an adder's poison

Vanquished Creatures
  An adder (D:2)
  3 endoplasms (D:1)
  A giant cockroach (D:1)
  A goblin (D:1)
  A hobgoblin (D:1)
  4 jackals (D:2)
  A ball python (D:1)
  3 bats (D:1)
  A frilled lizard (D:1)
  A kobold (D:1)
  A rat (D:1)
18 creatures vanquished.

Vanquished Creatures (others)
  A plant (D:1)
1 creature vanquished.

Grand Total: 19 creatures vanquished

Table legend:
 A = Non-vault XP
 B = Vault XP
 C = Vault XP percentage of total XP
 D = Non-vault monster count
 E = Vault monster count
 F = Vault count percentage of total count
                 A         B        C        D         E       F
            +---------+---------+-------+---------+---------+-------
      Total |      40 |       0 |   0.0 |      18 |       0 |   0.0
            +---------+---------+-------+---------+---------+-------
        D:1 |      19 |       0 |   0.0 |      13 |       0 |   0.0
        D:2 |      21 |       0 |   0.0 |       5 |       0 |   0.0
            +---------+---------+-------+---------+---------+-------

Illustrated notes

Table legend:
 A = Kills in this place as a percentage of kills in entire the game.
 B = Kills by you in this place as a percentage of kills by you in the entire game.
 C = Kills by friends in this place as a percentage of kills by friends in the entire game.
 D = Other kills in this place as a percentage of other kills in the entire game.
 E = Experience gained in this place as a percentage of experience gained in the entire game.
 F = Experience gained in this place divided by the number of levels of this place that you have seen.
                   A       B       C       D       E      F
               +-------+-------+-------+-------+-------+----------------------
         Total | 100.0 | 100.0 |   N/A |   N/A | 100.0 |  20.0
       Dungeon | 100.0 | 100.0 |   N/A |   N/A | 100.0 |  20.0
               +-------+-------+-------+-------+-------+----------------------

Table legend: (Time is in decaauts)
 A = Elapsed time spent in this place.
 B = Non-inter-level travel time spent in this place.
 C = Inter-level travel time spent in this place.
 D = Time resting spent in this place.
 E = Time spent auto-exploring this place.
 F = Levels seen in this place.
 G = Mean time per level.
                   A        B        C        D        E       F      G
               +--------+--------+--------+--------+--------+-----+--------+
         Total |   1017 |   1014 |      3 |      0 |    916 |   2 |  508.5 |
       Dungeon |   1017 |   1014 |      3 |      0 |    916 |   2 |  508.5 |
               +--------+--------+--------+--------+--------+-----+--------+

Top non-repeatable levels by time:
     D:1: 1003 daAuts
     D:2: 14 daAuts
